 Dungeon Crawl Stone Soup version 0.24-a0-264-gf46a388 (webtiles) character file.

Game seed: 25207978488678444

1057 Hasart the Insei (level 8, 0/54 HPs)
             Began as an Octopode Monk on Apr 20, 2019.
             Slain by an ogre
             ... wielding a +0 giant spiked club
              (14 damage)
             ... on level 6 of the Dungeon.
             The game lasted 00:11:39 (6112 turns).

Hasart the Insei (Octopode Monk)                    Turns: 6112, Time: 00:11:39

Health: 0/54       AC:  1    Str: 10    XL:     8   Next: 26%
Magic:  8/8        EV: 12    Int: 12    God:
Gold:   230        SH: 14    Dex: 21    Spells: 7/7 levels left

rFire    . . .     SeeInvis .     - Unarmed
rCold    . . .     Gourm    .   g - +2 large shield
rNeg     . . .     Faith    .   (helmet restricted)
rPois    .         Spirit   .   (no amulet)
rElec    .         Reflect  .   b - +4 ring of dexterity
rCorr    .         Harm     .   v - ring of wizardry
MR       .....                  (no ring)
Stlth    +++++.....             (no ring)
HPRegen  0.18/turn              (no ring)
MPRegen  0.11/turn              (no ring)
                                (no ring)
                                (no ring)

@: no status effects
A: almost no armour, stealthy swim, amphibious, 8 rings, constrict 8, camouflage
1, gelatinous body 1
a: no special abilities


You were on level 6 of the Dungeon.
You were hungry.

You visited 1 branch of the dungeon, and saw 6 of its levels.

You collected 230 gold pieces.

Inventory:

Missiles
 u - 2 throwing nets (quivered)
Armour
 g - a +2 large shield (worn)
Jewellery
 b - a +4 ring of dexterity (left tentacle)
 v - a ring of wizardry (right tentacle)
Scrolls
 c - 4 scrolls of remove curse
 e - 2 scrolls of enchant armour {unknown}
 f - 6 scrolls of identify {unknown}
 h - a scroll of fear {unknown}
 i - 2 scrolls of enchant weapon {unknown}
 m - a scroll of noise {unknown}
 o - 4 scrolls of teleportation {unknown}
 r - a scroll of blinking {unknown}
Potions
 d - 4 potions of curing {unknown}
 j - 2 potions of lignification {unknown}
 k - a potion of brilliance {unknown}
 l - a potion of flight {unknown}
 n - a potion of ambrosia {unknown}
 p - a potion of mutation {unknown}
 q - a potion of resistance {unknown}
 s - a potion of heal wounds {unknown}
 t - a potion of invisibility {unknown}
Comestibles
 a - 9 rations


   Skills:
 + Level 4.9 Fighting
 + Level 4.7 Dodging
 + Level 6.0 Stealth
 + Level 3.1 Shields
 * Level 6.3 Unarmed Combat


You had 7 spell levels left.
You didn't know any spells.
Your spell library was empty.

Dungeon Overview and Level Annotations

Branches:
Dungeon (6/15)
 Temple: D:4-7

Altars:
Elyvilon
Fedhas
Makhleb
Qazlal
Ru
Trog
Wu Jian


Innate Abilities, Weirdness & Mutations

You cannot wear most types of armour.
You are very stealthy in the water. (Stealth+)
You are amphibious.
You can wear up to eight rings at the same time.
You can use your tentacles to constrict eight enemies at once.
Your skin changes colour to match your surroundings (Stealth+).
Your rubbery body absorbs attacks. (AC +1, EV +1)


Message History

The ogre hits you with a +0 giant spiked club!!
Ouch! That really hurt!
* * * LOW HITPOINT WARNING * * *
You bludgeon the ogre! Your squeeze misses the ogre.
The ogre is moderately wounded.
The ogre barely misses you.
You tentacle-slap the ogre.
The ogre is heavily wounded.
The ogre barely misses you.
You barely miss the ogre.
The ogre is heavily wounded.
Your shield prevents you from hitting the ogre.
The ogre is heavily wounded.
You block the ogre's attack.
You tentacle-slap the ogre but do no damage.
You tentacle-slap the ogre. Your squeeze misses the ogre.
The ogre is heavily wounded.
You are feeling hungry.
The ogre hits you with a +0 giant spiked club!
You die...

.### ..... ...#
######...
#...?..#
#......#
#.†....#
#...O..#
#..?@..# ###
#......# ....
#.....(# ....
#......##..#
#...†..<..#
########.......
..##### .## ##


You could see an ogre.

Vanquished Creatures
  Sigmund (D:4)
  2 eyes of draining (D:5)
  A scorpion (D:4)
  3 crimson imps (D:5)
  A bullfrog skeleton (D:4)
  2 hounds
  An orc priest (D:5)
  An orc wizard (D:5)
  An iguana (D:6)
  4 worker ants
  Robin (D:4)
  13 gnolls
  3 adders (D:2)
  An adder skeleton (D:5)
  2 worms
  6 dart slugs
  3 leopard geckos
  14 orcs
  2 ball pythons
  8 giant cockroaches
  13 goblins
  10 hobgoblins
  8 kobolds
  2 quokkas
  8 bats
  4 frilled lizards
  6 rats
121 creatures vanquished.

Notes
Turn   | Place    | Note
-------+----------+-------------------------------------------
     0 | D:1      | Hasart the Octopode Monk began the quest for the Orb.
     0 | D:1      | Reached XP level 1. HP: 16/16 MP: 1/1
   110 | D:1      | Reached XP level 2. HP: 20/21 MP: 2/2
   540 | D:1      | Reached XP level 3. HP: 26/26 MP: 3/3
  1276 | D:2      | Reached XP level 4. HP: 28/31 MP: 4/4
  1715 | D:2      | Found a faded altar of an unknown god.
  1718 | D:2      | You fall through a shaft!
  1883 | D:3      | Reached skill level 1 in Shields
  1883 | D:3      | Reached XP level 5. HP: 16/36 MP: 5/5
  2076 | D:3      | Found a blossoming altar of Fedhas.
  2456 | D:3      | Found a stormy altar of Qazlal.
  2457 | D:3      | Noticed an air elemental
  2457 | D:3      | Noticed a water elemental
  2457 | D:3      | Noticed a fire elemental
  3350 | D:4      | Reached XP level 6. HP: 26/43 MP: 6/6
  3913 | D:4      | Noticed Sigmund
  3923 | D:4      | Killed Sigmund
  3923 | D:4      | Reached skill level 5 in Unarmed Combat
  3923 | D:4      | Reached XP level 7. HP: 38/48 MP: 7/7
  4084 | D:4      | Found a white marble altar of Elyvilon.
  4107 | D:4      | Found an ornate altar of the Wu Jian Council.
  4280 | D:4      | Found a burning altar of Makhleb.
  4330 | D:4      | Reached skill level 5 in Stealth
  4353 | D:4      | Noticed Robin
  4391 | D:4      | Killed Robin
  4730 | D:5      | Entered Level 5 of the Dungeon
  4745 | D:5      | Found a bloodstained altar of Trog.
  4955 | D:5      | Reached XP level 8. HP: 33/54 MP: 8/8
  5853 | D:5      | Found a sacrificial altar of Ru.
  6112 | D:6      | Slain by an ogre

Levels and vault maps discovered:
D:1:      erik_arrival_blinker_ship, layout_loops_corners
D:2:      minmay_inner_zag, layout_basic, chequers_ecumenical_altar_simple_redux
D:3:      layout_basic, fedhas_altar_4, nicolae_qazlal_style_of_elements
D:4:      layout_gridville, lightli_temple_of_fire, lemuel_crystal_altar,
          first_ration, grunt_ministairs_1, elyvilon_altar_4, uniq_robin,
          uniq_sigmund
D:5:      layout_gridville, kennysheep_mini_moat, trog_eyes_of_draining
D:6:      minmay_angry_zag, layout_rooms, minmay_temple_entry_large_hall,
          ebering_ghost_sewer_f

Skill      XL: |  1  2  3  4  5  6  7  8 |
---------------+-------------------------+-----
Stealth        | 3 4 5 6 |  6.0
Unarmed Combat | 4 5 6 |  6.3
Shields        | 1 2 3 |  3.1
Fighting       | 4 |  4.9
Dodging        | 4 |  4.7

Action                   |  1- 3 |  4- 6 |  7- 9 || total
-------------------------+-------+-------+-------++-------
Melee: Unarmed           |    89 |   100 |   138 ||   327
       Constrict         |    23 |    29 |    40 ||    92
       Tentacles         |    13 |    25 |    42 ||    80
       Punch             |     3 |     3 |     9 ||    15
  Use: Scroll            |       |     1 |       ||     1
 Stab: Sleeping          |    10 |    11 |     7 ||    28
  Eat: Chunk             |     1 |     8 |     7 ||    16
Armor: Skin              |    13 |     1 |     2 ||    16
Dodge: Dodged            |    65 |    21 |    36 ||   122
Block: Large shield      |    14 |    54 |    68 ||   136

Table legend:
 A = Non-vault XP
 B = Vault XP
 C = Vault XP percentage of total XP
 D = Non-vault monster count
 E = Vault monster count
 F = Vault count percentage of total count
                 A         B        C        D         E       F
            +---------+---------+-------+---------+---------+-------
      Total |     956 |     554 |  36.7 |     101 |      20 |  16.5
            +---------+---------+-------+---------+---------+-------
        D:1 |      51 |       0 |   0.0 |      28 |       0 |   0.0
        D:2 |      66 |      22 |  25.0 |      16 |       4 |  20.0
        D:3 |     109 |       0 |   0.0 |      18 |       0 |   0.0
        D:4 |     265 |     266 |  50.1 |      15 |      12 |  44.4
        D:5 |     366 |     266 |  42.1 |      19 |       4 |  17.4
        D:6 |      99 |       0 |   0.0 |       5 |       0 |   0.0
            +---------+---------+-------+---------+---------+-------
